 Dungeon Crawl Stone Soup version 0.31-a0-626-g8143ab4f1d (webtiles) character file.

Game seed: 15100696222003173864

3416 funkygono the Thaumaturge (level 9, -7/44 (47) HPs)
             Began as a Deep Elf Fire Elementalist on Aug 24, 2023.
             Was a Believer of Vehumet.
             Mangled by a red ugly thing (10 damage)
             ... on level 9 of the Dungeon.
             The game lasted 00:14:04 (8981 turns).

funkygono the Thaumaturge (DEFE)                    Turns: 8981, Time: 00:14:04

HP:   -7/44 (47)    AC:  9    Str:  7    XL:     9   Next: 76%
MP:   15/26         EV: 12    Int: 23    God:    Vehumet [**....]
Gold: 435           SH:  0    Dex: 15    Spells: 20/31 levels left

rFire   . . .        f - +3 dagger (elec)
rCold   . . .        o - orb {guile}
rNeg    + . .        I - +2 leather armour {rN+}
rPois   +            (no helmet)
rElec   .            d - +1 cloak
rCorr   .            (no gloves)
SInv    .            H - +1 pair of boots
Will    .....        u - amulet of regeneration
Stlth   ++           h - ring of poison resistance
HPRegen 1.07/turn    (no ring)
MPRegen 0.20/turn

%: no passive effects
@: studying Long Blades, drained
A: no striking features
a: Renounce Religion


You were on level 9 of the Dungeon.
You worshipped Vehumet.
Vehumet was pleased with you.
You visited 2 branches of the dungeon, and saw 10 of its levels.

You collected 435 gold pieces.

Inventory:

Hand Weapons
 f - a +3 dagger of electrocution (weapon)
 j - a +0 short sword of draining
 n - a +0 dagger of speed
 v - a +1 falchion of distortion
 D - a +2 dagger of freezing
 F - a +4 falchion
 J - the +1 quarterstaff of Makhleb's Approval {heavy, rElec Str+5}
   (You found it on level 9 of the Dungeon)

   Str+5:     It affects your strength (+5).
   rElec:     It insulates you from electricity.
Missiles
 i - a throwing net
Armour
 a - a +0 robe
 c - a scarf of invisibility
 d - a +1 cloak (worn)
 o - an orb of guile (worn)
 H - a +1 pair of boots (worn)
 I - a +2 leather armour of positive energy (worn)
Magical Staves
 w - a staff of poison
Jewellery
 h - a ring of poison resistance (left hand)
 m - a ring of ice
 u - an amulet of regeneration (around neck)
 C - an amulet of faith
Talismans
 G - a serpent talisman
Wands
 y - a wand of polymorph (7)
 B - a wand of digging (5)
Scrolls
 e - a scroll of fear
 k - 3 scrolls of revelation
 s - a scroll of identify
 t - a scroll of vulnerability
 z - 3 scrolls of teleportation
Potions
 b - 2 potions of magic
 g - 2 potions of curing
 l - a potion of heal wounds
 p - 2 potions of might {unknown}
 q - 4 potions of berserk rage
 r - a potion of brilliance {unknown}
 x - a potion of mutation {unknown}
 A - 2 potions of invisibility {unknown}
 E - a potion of cancellation {unknown}


   Skills:
 + Level 1.0 Fighting
 + Level 3.0 Armour
 + Level 3.9 Dodging
 - Level 2.4 Stealth
 + Level 11.8 Spellcasting
 + Level 6.2 Conjurations
 + Level 9.1 Fire Magic


You had 20 spell levels left.
You knew the following spells:

 Your Spells              Type           Power      Damage    Failure   Level
a - Foxfire               Conj/Fire      100%       2x1d9     1%          1
b - Scorch                Fire           100%       2d9       1%          2
c - Volatile Blastmotes   Fire/Tloc      68%        2d15      3%          3
d - Flame Wave            Conj/Fire      48%        2d12      3%          4
e - Kiss of Death         Conj/Necr      100%       2d13      1%          1

Your spell library contained the following spells:

 Spells                   Type           Power      Damage    Failure   Level
 Shock                    Conj/Air       100%       1d9       1%          1
 Inner Flame              Hex/Fire       34%        N/A       3%          3
 Iskenderun's Mystic Bla  Conj/Tloc      27%        2d7       19%         4
 Portal Projectile        Hex/Tloc       26%        N/A       21%         3
 Tukima's Dance           Hex            13%        N/A       21%         3


Dungeon Overview and Level Annotations

Branches:
Dungeon (9/15)             Temple (1/1) D:5
   Lair: D:8-11         Orc: D:9-12

Altars:
Ashenzari
Cheibriados
Dithmenos
Elyvilon
Fedhas
Gozag
Hepliaklqana
Kikubaaqudgha
Makhleb
Nemelex Xobeh
Okawaru
Qazlal
Ru
Sif Muna
Trog
Uskayaw
Vehumet
Wu Jian
Xom
Yredelemnul
The Shining One

Shops:
D:5 :   D:6 (


Message History

The red ugly thing is lightly wounded.
Casting: Foxfire (safe; 1% risk of failure)
Confirm with . or Enter, or press ? or * to list all spells.
Flames lash the red ugly thing.
The red ugly thing resists.
The red ugly thing is lightly wounded.
The red ugly thing's fire resistance burns away.
The foxfire hits the red ugly thing.
The red ugly thing is lightly wounded.
The foxfire hits the red ugly thing.
The red ugly thing is moderately wounded.
Casting: Scorch (safe; 1% risk of failure)
Confirm with . or Enter, or press ? or * to list all spells.
You conjure some foxfire!
The red ugly thing bites you but does no damage.
Casting: Foxfire (safe; 1% risk of failure)
Confirm with . or Enter, or press ? or * to list all spells.
Flames lash the red ugly thing.
The red ugly thing is moderately wounded.
The foxfire hits the red ugly thing but does no damage.
The red ugly thing is moderately wounded.
The foxfire hits the red ugly thing.
The red ugly thing is moderately wounded.
The red ugly thing bites you.
You are engulfed in flames!
Casting: Scorch (safe; 1% risk of failure)
Confirm with . or Enter, or press ? or * to list all spells.
You conjure some foxfire!
The red ugly thing misses you.
Casting: Foxfire (safe; 1% risk of failure)
Confirm with . or Enter, or press ? or * to list all spells.
Flames lash the red ugly thing.
The red ugly thing is moderately wounded.
The foxfire hits the red ugly thing.
The red ugly thing is moderately wounded.
The foxfire hits the red ugly thing.
The red ugly thing is moderately wounded.
The red ugly thing bites you.
You are engulfed in flames!!
* * * LOW HITPOINT WARNING * * *
Casting: Scorch (safe; 1% risk of failure)
Confirm with . or Enter, or press ? or * to list all spells.
You conjure some foxfire!
The red ugly thing bites you!
You die...

#'######
#####'######
..# #.#
'##### #.# ##
.....# #.# ≈#
.....#
##.##≈#
.....#
#...#≈##
.....+ #
#....≈.##
..[..#
./..#.v.§~..#
.....#
#.>.u@v~..#
.....#
###...###.#
.....# #....
.# .....#
....... #
#+####
##.###..# #.
./# #+ ..#
..# ......


You could see a red ugly thing (combustible, ally target).

Vanquished Creatures
  A manticore (D:8)
  Joseph (D:8)
  Psyche (D:8)
  The ghost of DrLatency the Cutter, an amateur VSMo (D:4)
  An orc warrior (D:9)
  2 ice beasts
  A black bear (D:7)
  A centaur (D:8)
  An ogre (D:5)
  A phantom (D:4)
  3 bullfrogs
  A scorpion (D:5)
  9 wights (D:7)
  A killer bee (D:8)
  A howler monkey (D:5)
  A hound (D:3)
  6 gnoll boudas
  An orc priest (D:4)
  An iguana (D:6)
  2 sleepcaps (D:5)
  6 orc wizards
  27 gnolls
  10 adders
  A shadow imp (D:8)
  A white imp (D:6)
  An ufetubus (D:7)
  3 dart slugs
  33 orcs
  2 endoplasms (D:1)
  4 giant cockroaches
  8 goblins
  6 hobgoblins
  4 jackals
  8 ball pythons
  3 bats (D:1)
  3 frilled lizards (D:1)
  8 kobolds
  7 rats
172 creatures vanquished.

Vanquished Creatures (collateral kills)
  A foxfire (D:6)
1 creature vanquished.

Vanquished Creatures (others)
  532 foxfires
532 creatures vanquished.

Grand Total: 705 creatures vanquished

Notes
Turn   | Place    | Note
-------+----------+-------------------------------------------
     0 | D:1      | funkygono the Deep Elf Fire Elementalist began the quest
                  | for the Orb.
     0 | D:1      | Reached XP level 1. HP: 10/10 MP: 6/6
   177 | D:1      | Reached XP level 2. HP: 15/15 MP: 5/8
   569 | D:1      | Learned a level 2 spell: Scorch
  1012 | D:1      | Reached XP level 3. HP: 19/19 MP: 4/9
  1016 | D:1      | Learned a level 3 spell: Volatile Blastmotes
  1672 | D:2      | Reached XP level 4. HP: 13/24 MP: 1/11
  1898 | D:2      | Reached skill level 4 in Spellcasting
  2477 | D:3      | Reached XP level 5. HP: 28/28 MP: 9/13
  2565 | D:3      | Identified the +0 mace of the Grave {drain, rElec rPois
                  | Dex-4 SInv}
  2716 | D:3      | Reached skill level 5 in Spellcasting
  3144 | D:4      | Noticed a phantom
  3154 | D:4      | Killed a phantom
  3155 | D:4      | Reached skill level 5 in Fire Magic
  3155 | D:4      | Reached XP level 6. HP: 26/32 MP: 4/16
  3480 | D:4      | Found a runed translucent door.
  3481 | D:4      | Noticed DrLatency's ghost (amateur VSMo)
  3637 | D:4      | Found a glowing golden altar of the Shining One.
  3851 | D:4      | Killed DrLatency's ghost
  3852 | D:4      | Reached skill level 1 in Armour
  3852 | D:4      | Reached skill level 6 in Spellcasting
  4043 | D:5      | Entered Level 5 of the Dungeon
  4070 | D:5      | Reached XP level 7. HP: 33/36 MP: 13/18
  4112 | D:5      | Found Zedioc's Book Boutique.
  4196 | D:5      | Found a broken altar of Ashenzari.
  4268 | D:5      | Reached skill level 7 in Spellcasting
  4411 | D:5      | Found an ancient bone altar of Kikubaaqudgha.
  4415 | D:5      | Found a hide-covered altar of Uskayaw.
  4435 | D:5      | Learned a level 4 spell: Flame Wave
  4552 | D:5      | Found a stormy altar of Qazlal.
  4662 | D:5      | Found a staircase to the Ecumenical Temple.
  4676 | Temple   | Entered the Ecumenical Temple
  4797 | D:5      | Found a hazy altar of Hepliaklqana.
  4919 | D:6      | Found a blossoming altar of Fedhas.
  5360 | D:6      | Found a radiant altar of Vehumet.
  5387 | D:6      | Became a worshipper of Vehumet
  5478 | D:6      | Found Nialoma's Weapon Shop.
  5862 | D:7      | Reached skill level 8 in Spellcasting
  5862 | D:7      | Reached XP level 8. HP: 41/41 MP: 14/22
  6136 | D:7      | Reached skill level 5 in Conjurations
  6173 | D:7      | Found a shimmering blue altar of Sif Muna.
  6506 | D:7      | Reached * piety under Vehumet
  6506 | D:7      | Offered knowledge of Kiss of Death by Vehumet.
  6507 | D:7      | Reached skill level 9 in Spellcasting
  7409 | D:8      | Noticed Psyche
  7415 | D:8      | Killed Psyche
  7416 | D:8      | Reached skill level 10 in Spellcasting
  7416 | D:8      | Reached XP level 9. HP: 37/46 MP: 14/25
  7656 | D:8      | Noticed a manticore
  7671 | D:8      | Killed a manticore
  7748 | D:8      | Reached skill level 1 in Fighting
  7894 | D:8      | Reached skill level 11 in Spellcasting
  7940 | D:8      | Noticed Joseph
  7950 | D:8      | Killed Joseph
  8728 | D:8      | Learned a level 1 spell: Kiss of Death
  8746 | D:9      | Identified the +0 plate armour of the Grinning Gods {Contam
                  | Str+3}
  8810 | D:9      | Reached ** piety under Vehumet
  8810 | D:9      | Offered knowledge of Shock by Vehumet.
  8861 | D:9      | Identified the +1 quarterstaff of Makhleb's Approval
                  | {heavy, rElec Str+5}
  8972 | D:9      | Noticed a red ugly thing
  8980 | D:9      | HP: 2/44 [red ugly thing (21)]
  8981 | D:9      | Mangled by a red ugly thing

Illustrated notes

Levels and vault maps discovered:
D:1:      psy_arrival_fountain, layout_basic, dk_noncrumbling_2,
          grunt_decor_one_mirror
D:2:      layout_basic
D:3:      cheibrodos_old_hovel, layout_rooms, nicolae_underground_beach
D:4:      layout_loops_ring, nicolae_tso_carved_into_rock,
          ebering_ghost_sewer_d, minmay_gold_behind_fungi
D:5:      layout_cave_pools, pf_just_have_faith, mainiacjoe_overflow_boulevard,
          grunt_temple_overflow_open, minmay_temple_entry_ruins, serial_shops,
          shop
D:6:      layout_gridville, fedhas_altar_1, nicolae_vehumet_radiance,
          serial_shops, shop
D:7:      layout_loops_ring, nicolae_sif_muna_condensation
D:8:      layout_loops_corners, dreamdust_mushroom_princess,
          chequers_serial_rivers_room_b, minmay_between, uniq_joseph,
          uniq_psyche
D:9:      layout_roguey, lemuel_doored_altar, serial_shops,
          nicolae_shop_tiny_glass, chequers_serial_rivers_micro_b
Temple:   nicolae_temple_hex_pool

Skill      XL: |  1  2  3  4  5  6  7  8  9 |
---------------+----------------------------+-----
Fire Magic     | 4 5 6 8 9 |  9.1
Dodging        | 3 |  3.9
Conjurations   | 2 3 4 5 6 |  6.2
Spellcasting   | 4 5 6 8 10 11 | 11.8
Armour         | 1 2 3 |  3.0
Fighting       | 1 |  1.0
Stealth        | |  2.4

Action                     |  1- 3 |  4- 6 |  7- 9 || total
---------------------------+-------+-------+-------++-------
  Melee: Dagger            |    16 |     7 |    10 ||    33
   Cast: Foxfire           |    52 |    73 |   192 ||   317
         Scorch            |     6 |    14 |    60 ||    80
         Flame Wave        |       |       |     2 ||     2
         Kiss of Death     |       |       |     1 ||     1
    Use: Scroll            |     5 |    11 |     3 ||    19
   Stab: Sleeping          |     1 |       |       ||     1
 Armour: Robe              |    11 |       |       ||    11
         Leather armour    |       |     1 |    13 ||    14
  Dodge: Dodged            |    18 |    11 |    38 ||    67

Table legend: (Time is in decaauts)
 A = Elapsed time spent in this place.
 B = Non-inter-level travel time spent in this place.
 C = Inter-level travel time spent in this place.
 D = Time resting spent in this place.
 E = Time spent auto-exploring this place.
 F = Levels seen in this place.
 G = Mean time per level.
                   A        B        C        D        E       F      G
               +--------+--------+--------+--------+--------+-----+--------+
         Total |   8987 |   8707 |    280 |      0 |   7606 |  10 |  898.7 |
       Dungeon |   8979 |   8704 |    275 |      0 |   7606 |   9 |  997.7 |
        Temple |      7 |      3 |      4 |      0 |      0 |   1 |    7.0 |
               +--------+--------+--------+--------+--------+-----+--------+

Top non-repeatable levels by time:
     D:1: 1382 daAuts
     D:8: 1361 daAuts
     D:6: 1280 daAuts
     D:7: 1192 daAuts
     D:4: 1143 daAuts
     D:2: 863 daAuts
     D:5: 862 daAuts
     D:3: 657 daAuts
     D:9: 235 daAuts
  Temple: 7 daAuts
